[Event "Championnat du monde jeunes U12F"]
[Date "2024.11.19"]
[White "Sabou, Stefania Theodora"]
[Black "Li, Sophie"]
[WhiteElo "1736"]
[BlackElo "1798"]
[Round "5.16"]
[Result "1/2-1/2"]
[TimeControl "5400+30"]

1. c4 e5 2. Nc3 Nf6 3. g3 c6 4. d4 e4 5. Qa4 Na6 6. a3 d6 7. Bg2 Bf5 8. Qb3 Qd7 9. Bg5 Be7 10. e3 Ng4 11. Bxe7 Qxe7 12. h3 Nf6 13. g4 Bg6 14. Nge2 h6 15. Ng3 O-O 16. O-O Rfd8 17. Nge2 Rab8 18. Rac1 Nc7 19. Nf4 Bh7 20. Qa4 a6 21. b4 d5 22. cxd5 cxd5 23. Qb3 Ne6 24. Nxe6 Qxe6 25. Ne2 Rbc8 26. b5 a5 27. Nf4 Qd6 28. a4 b6 29. Rc3 g5 30.
Ne2 Qb4 31. Qxb4 axb4 32. Rc6 Rxc6 33.
bxc6 Rc8 34. Rb1 Rxc6 35. Rxb4 Ne8 1/2-1/2

[Variant "Standard"]
[Site "Europe Echecs"]

[Event "Championnat du monde jeunes U12F"]
[Date "2024.11.19"]
[White "Telyuk, Anastasiya"]
[Black "Baruch, Amit"]
[WhiteElo "1603"]
[BlackElo "1747"]
[Round "5.17"]
[Result "1/2-1/2"]
[TimeControl "5400+30"]

1. e4 e5 2. Nf3 Nc6 3. d4 exd4 4. c3 d5 5. exd5 Qxd5 6. cxd4 Bg4 7. Be2 Bb4+ 8. Nc3 Bxf3 9. Bxf3 Qc4 10. Qb3 Qxb3 11. axb3 Nge7 12. O-O O-O-O 13. Be3 a6 14. Ra4 Bd6 15. Ne4 h6 16. Rc1 f5 17. Nxd6+ Rxd6 18. Bf4 Rd7 19. Rac4 g5 20. Be5 Nxe5 21. dxe5 c6 22. h3 Kd8 23. Rc5 Nd5 24. Bxd5 Rxd5 25. Rxd5+ cxd5 26. Rc5 d4 27. Rd5+ Ke7 28. Rxd4 Ke6 29. Rd6+ Kxe5 30. Rd7 b5 31. Ra7 Kd5 32. Rxa6 Kc5 33. Kf1 Kb4 34. Rb6 Rd8 1/2-1/2

[Variant "Standard"]
[Site "Europe Echecs"]

[Event "Championnat du monde jeunes U12F"]
[Date "2024.11.19"]
[White "Muradova, Nebahat"]
[Black "Siskou, Evangelia"]
[WhiteElo "1626"]
[BlackElo "1884"]
[Round "5.18"]
[Result "0-1"]
[TimeControl "5400+30"]

1. d4 d5 2. c4 c6 3. Nf3 Nf6 4. Nc3 e6 5. Bg5 Be7 6. cxd5 exd5 7. e3 Nbd7 8. Bd3 O-O 9. O-O h6 10. Bh4 Ne4 11. Bxe7 Qxe7 12. Bxe4 dxe4 13. Nd2 f5 14. Qb3+ Kh8 15. Ne2 Nf6 16. Nf4 Kh7 17. Rac1 g5 18. Ne2 Nd5 19. Nc3 Be6 20. Nxd5 Bxd5 21. Qc2 b5 22. Qc5 Qxc5 23. Rxc5 f4 24. b3 Rf7 25. Re1 Re8 26. Nb1 b4 27. Nd2 Ref8 28. exf4 Rxf4 29. Re2 Kg6 30. Nc4 e3 31. Nxe3 Rxd4 32. h3 Re8 33. Rec2 Be4 34. R2c4 Rd2 35. Rxb4 Rxa2 36. Ng4 Bd5 37. Ne3 Rxe3 38. fxe3 Rxg2+ 39. Kf1 Rg3 40. e4 Bxb3 41. Rxc6+ Kh5 42. e5 Rxh3 43. Rb8 Kg4 44. Rf6 Bc4+ 45. Kf2 a5 46. Ra8 Rh2+ 47. Ke3 Ra2 48. Kd4 Bb3 49. e6 Re2 50. Re8 h5 51. Kc5 Bxe6 52. Rfxe6 Rxe6 53. Rxe6 h4 54.
Re4+ Kf3 55. Kd4 g4 56. Re3+ Kf2 57. Ke4 h3 58. Ra3 h2 59. Ra2+ Kg3 60. Ra1 Kg2 61. Ra2+ Kh3 62. Ra1 Kg2 63. Ra2+ Kg3 64. Ra1 a4 65. Ra3+ Kh4 66. Ra1 g3 67. Kf3 Kh3 68. Rc1 a3 69. Rb1 a2 70. Rc1 g2 71. Rc8 a1=Q 0-1

[Variant "Standard"]
[Site "Europe Echecs"]

[Event "Championnat du monde jeunes U12F"]
[Date "2024.11.19"]
[White "Ahmed Mohamed, Zakaa"]
[Black "Abylaykyzy, Bibisara"]
[WhiteElo "1866"]
[BlackElo "1694"]
[Round "5.19"]
[Result "0-1"]
[TimeControl "5400+30"]

1. e4 c5 2. Nc3 Nc6 3. f4 g6 4. Nf3 Bg7 5. Bc4 e6 6. f5 Nge7 7. fxe6 dxe6 8. O-O O-O 9. d3 a6 10. Qe1 Na5 11. Bb3 Nxb3 12. axb3 Nc6 13. Be3 b6 14. Qg3 Bb7 15. Bf4 e5 16. Bg5 f6 17. Bd2 Nd4 18. Nxd4 cxd4 19. Ne2 Rc8 20. Rac1 f5 21. exf5 gxf5 22. Bg5 Qd6 23. Qh4 Qg6 24. Rf2 f4 25. Be7 Rf7 26. Qg5 Bh6 27. Qxe5 f3 28. Nxd4 Bxc1 29. Bb4 fxg2 30. Rxf7 Qxf7 31. Nf5 Qxf5 32. Qg3+ Kh8 33. Bc3+ Rxc3 34. Qb8+ Rc8 35. Qxb7 Qf1# 0-1

[Variant "Standard"]
[Site "Europe Echecs"]

[Event "Championnat du monde jeunes U12F"]
[Date "2024.11.19"]
[White "Jordan, Christina"]
[Black "Smirnova, Viktoria A"]
[WhiteElo "1803"]
[BlackElo "1658"]
[Round "5.20"]
[Result "1-0"]
[TimeControl "5400+30"]

1. e4 e6 2. d4 d5 3. Nc3 Bb4 4. Ne2 dxe4 5. a3 Bxc3+ 6. Nxc3 Nc6 7. Bf4 Nf6 8. Bb5 Bd7 9. d5 exd5 10. Nxd5 Nxd5 11. Qxd5 O-O 12. O-O-O Qf6 13. Be3 Bf5 14. Bxc6 bxc6 15. Qd4 Qe6 16. Kb1 a5 17. Bf4 Qe7 18. Qc3 Rfb8 19. Qxc6 h6 20. Qxc7 Qxc7 21. Bxc7 Rc8 22. Rd5 Rxc7 23. Rxf5 Rac8 24. c3 a4 25. Re5 Rb8 26. Kc2 Rcb7 27. Rb1 f5 28. Rxf5 g6 29. Rf4 Re7 30. Re1 Reb7 31. Rexe4 Rxb2+ 32. Kd3 Rd8+ 33. Rd4 Re8 34.
Rxa4 Ree2 35. Ra8+ Kg7 36. Ra7+ Kg8 37. Rf6 Rbd2+ 38. Kc4 Rxf2 39. Rxg6+ Kh8 40. Rxh6+ Kg8 41. Rb6 Rf4+ 42. Kb3 Rxg2 43. Rb8+ Rf8 44. Rxf8+ Kxf8 45. h4 Rh2 46. Rh7 Ke8 47. a4 Kd8 48. a5 Kc8 49. h5 Kb8 50. h6 Ka8 51. Kb4 Rh4+ 52. Kc5 Rh5+ 53. Kb6 1-0

[Variant "Standard"]
[Site "Europe Echecs"]

[Event "Championnat du monde jeunes U12F"]
[Date "2024.11.19"]
[White "Jacome Revelo, Daniela Alexandra"]
[Black "Bogomolnikova, Zlata"]
[WhiteElo "1764"]
[BlackElo "1628"]
[Round "5.21"]
[Result "1/2-1/2"]
[TimeControl "5400+30"]

1. e4 c5 2. Nf3 d6 3. d4 cxd4 4. Nxd4 Nf6 5. Nc3 a6 6. Be2 e5 7. Nb3 Be6 8. Be3 Be7 9. f3 Nbd7 10. Qd2 b5 11. Nd5 Rc8 12. Na5 Bxd5 13. exd5 Qc7 14. Rc1 Nxd5 15. Qxd5 Qxa5+ 16. c3 O-O 17. O-O Nf6 18. Qd3 Rc6 19. a3 Rfc8 20. Kh1 Qc7 21. g4 Nd7 22. f4 Nc5 23. Qd5 exf4 24. Rxf4 Bf6 25. Rcf1 Qe7 26. R4f3 1/2-1/2

[Variant "Standard"]
[Site "Europe Echecs"]

[Event "Championnat du monde jeunes U12F"]
[Date "2024.11.19"]
[White "Sri Darshini T"]
[Black "Ivaschenko, Anna"]
[WhiteElo "1681"]
[BlackElo "1732"]
[Round "5.22"]
[Result "1/2-1/2"]
[TimeControl "5400+30"]

1. d4 Nf6 2. c4 e6 3. Nc3 Bb4 4. e3 O-O 5. Bd3 Re8 6. Bd2 d6 7. a3 Bxc3 8. Bxc3 Nbd7 9. Ne2 e5 10. O-O b6 11. Ng3 e4 12. Be2 Bb7 13. Qc2 Qe7 14. b4 g6 15. Rfc1 h5 16. h3 c6 17. c5 d5 18. b5 Rec8 19. Bb4 bxc5 20. dxc5 a5 21. Bc3 Qxc5 22. Qb2 Qd6 23. bxc6 Bxc6 24. Qd2 a4 25. Qd4 Qe6 26. Bxh5 gxh5 27. Nxh5 Bb5 28. Nxf6+ Nxf6 29. Qxf6 Qxf6 30. Bxf6 Bc4 31. Rab1 Rcb8 32. Be5 Rb3 33. Rxb3 axb3 34. Bb2 f5 35. Kh2 Kf7 36. f4 exf3 37. gxf3 Re8 38. Bd4 Ra8 39. Bb2 Re8 40. Bd4 Ra8 41. Ra1 Bd3 42. Bb2 Rc8 43. Rc1 Bc2 44. Kg3 Kg6 45. Kf2 1/2-1/2

[Variant "Standard"]
[Site "Europe Echecs"]

[Event "Championnat du monde jeunes U12F"]
[Date "2024.11.19"]
[White "Lukin, Yesenia"]
[Black "Stepankova, Linda"]
[WhiteElo "1732"]
[BlackElo "1624"]
[Round "5.23"]
[Result "0-1"]
[TimeControl "5400+30"]

1. d4 d5 2. Nf3 Nf6 3. g3 e6 4. Bg2 c5 5. c3 Bd6 6. O-O O-O 7. Nbd2 Nc6 8. b3 b6 9. Bb2 Re8 10. c4 Nxd4 11. Nxd4 cxd4 12. cxd5 e5 13. e3 dxe3 14. fxe3 Ba6 15. Re1 Rc8 16. e4 Qd7 17. Rc1 Bc5+ 18. Kh1 Ng4 19. Rxc5 Nf2+ 20. Kg1 Nxd1 21. Rxc8 Qxc8 22. Rxd1 Qc2 23. Bf3 Qxb2 24. d6 Qd4+ 25. Kg2 Qxd6 26. Nc4 Qc5 27. Rd5 Qb4 28. Nxe5 Bb7 29. Rd7 Bxe4 30. Nxf7 Bxf3+ 31. Kxf3 Qe4+ 32. Kf2 Qe3+ 33. Kg2 Qe4+ 34. Kg1 Qe1+ 35. Kg2 Re2+ 36. Kf3 Qf2+ 37. Kg4 Re4+ 38. Kg5 Qf6+ 39. Kh5 Qg6# 0-1

[Variant "Standard"]
[Site "Europe Echecs"]

[Event "Championnat du monde jeunes U12F"]
[Date "2024.11.19"]
[White "Wang, Tianmu"]
[Black "Xu, Melissa"]
[WhiteElo "1640"]
[BlackElo "1731"]
[Round "5.24"]
[Result "0-1"]
[TimeControl "5400+30"]

1. e4 c5 2. Nf3 Nc6 3. d4 cxd4 4. Nxd4 e5 5. Nxc6 bxc6 6. Bc4 Nf6 7. Nc3 Be7 8. O-O O-O 9. Re1 d6 10. Qf3 Bd7 11. Bg5 h6 12. Bxf6 Bxf6 13. Rad1 Qc7 14. Qd3 Be7 15. Re3 Kh8 16. h3 f5 17. Bb3 fxe4 18. Nxe4 d5 19. Ng3 Bc5 20. Re2 Rf4 21. c3 Rf7 22. Qd2 Raf8 23. Rf1 Bc8 24. c4 Ba6 25. Qc2 Qb6 26. Nh1 e4 27. a3 Rf4 28. Ba2 Qc7 29. b4 Bd4 30. a4 Bxc4 31. Bxc4 dxc4 32. Qxc4 e3 33. Qc2 Be5 34. g3 Rxb4 35. Rxe3 Bd4 36. Rd3 Qb6 37. Rd2 Qa6 38. a5 c5 39. Qa2 Rb5 40. g4 Rxa5 41. Qc2 Qf6 42. Ng3 Qh4 43. Kh2 Ra3 44. Kg2 Rxf2+ 45. Rfxf2 Rxg3+ 46. Kf1 Qxh3+ 47. Ke1 Qh1+ 48.
Rf1 Re3+ 49. Re2 Bc3+ 50. Qxc3 Qxf1+ 51.
Kxf1 Rxc3 52. Ra2 Rf3+ 53. Ke1 Rf7 54.
Ra4 Kh7 55. Rc4 Rc7 56. Kf2 Kg6 57. Kg3 Kg5 58. Kf3 g6 59. Kg3 h5 60. gxh5 gxh5 61. Kh3 a6 62. Kg3 Kf5 63. Rh4 Ke5 64. Rxh5+ Kd4 65. Kf2 Rc6 66. Ke2 Kc3 67. Kd1 c4 68. Kc1 Kb3 69. Rh3+ c3 70. Rh5 Rg6 71. Rh1 Rg2 72. Kb1 Rb2+ 73. Ka1 Ra2+ 74. Kb1 c2+ 75. Kc1 Ra1+ 76. Kd2 Rxh1 77. Ke2 c1=Q 78. Kf3 Qf1+ 79. Ke4 Rh4+ 80. Ke5 Qb5+ 81. Kf6 Rh6+ 82. Kg7 Qg5+ 83. Kf7 Qf6+ 84. Ke8 Rh8+ 85. Kd7 Rd8+ 86. Kc7 Qd6+ 87. Kb7 Rb8+ 88. Ka7 Qb6#
0-1

[Variant "Standard"]
[Site "Europe Echecs"]

[Event "Championnat du monde jeunes U12F"]
[Date "2024.11.19"]
[White "Ribreau, Anna"]
[Black "Huang, Lucia"]
[WhiteElo "1726"]
[BlackElo "1621"]
[Round "5.25"]
[Result "0-1"]
[TimeControl "5400+30"]

1. b3 e6 2. Bb2 Nf6 3. e3 Be7 4. f4 d6 5. Nf3 h6 6. Be2 Bd7 7. O-O O-O 8. d3 Nd5 9. Qd2 f5 10. c4 Nf6 11. Nc3 Nc6 12. e4 a6 13. e5 dxe5 14. fxe5 Nh7 15. d4 Ng5 16. Rfe1 Ne4 17. Qd3 Bb4 18. d5 Ne7 19. Rac1 exd5 20. cxd5 Nxc3 21. Bxc3 Bxc3 22. Rxc3 Bb5 23. Qc2 Nxd5
24. Bxb5 Nxc3 25. Bc4+ Nd5 26. e6 Ne7 27. Rd1 Qe8 28. Rd7 b5 29. Bd3 c6 30.
Nd4 Rf6 31. Qc5 Rxe6 32. Nxe6 Qxd7 33.
Qe5 Ng6 34. Qxf5 Re8 35. Qxg6 Qxe6 36.
Qxe6+ Rxe6 37. a4 Re3 38. Bc2 Rc3 39. Be4 bxa4 40. bxa4 Rc4 41. Bf3 Rxa4 42. Bxc6 Ra1+ 43. Kf2 a5 44. Ke3 a4 45. Kd3 a3 46. Kc2 Kf8 47. Kb3 Ke7 48. Bf3 Kd6 49. Kb4 Ke5 50. Kc3 Rf1 0-1

[Variant "Standard"]
[Site "Europe Echecs"]

[Event "Championnat du monde jeunes U12F"]
[Date "2024.11.19"]
[White "Oksanen, Maria"]
[Black "Ordonez Alarcon, Daniela"]
[WhiteElo "1725"]
[BlackElo "1606"]
[Round "5.26"]
[Result "1-0"]
[TimeControl "5400+30"]

1. e4 e5 2. Nf3 Nc6 3. Bb5 a6 4. Ba4 Nf6 5. O-O b5 6. Bb3 Nxe4 7. Re1 d5 8. Nc3 Nxc3 9. dxc3 Be6 10. a4 Rb8 11. axb5 axb5 12. Bg5 Qd6 13. Ra6 f6 14. Bf4 Qd7 15. Bxe5 Be7 16. Bxc7 Qxc7 17. Rxe6 Nd8 18. Re1 O-O 19. Qxd5+ Kh8 20. Nd4 Bc5 21. Nc6 Rc8 22. Qxc5 Nxc6 23. Qxb5 Ne5 24. Qb6 Qd7 25. Be6 Qd2 26. Qe3 Qxe3 27. fxe3 Rcd8 28. Rea1 g6 29. h3 Rfe8 30. e4 Kg7 31. Bd5 f5 32. Re6 fxe4 33. Rxe8 Rxe8 34. Bxe4 Nc4 35. Bc6 Rc8 36. Ra7+ Kh6 37. Bd7 Rd8 38. b4 Nb6 39. Be6 Rd6 40. Bg8 Nd7 41. c4 Nf6 42. Bd5 Nxd5 43. cxd5 Rxd5 44. c4 Rd4 45. Rc7 Kg5 46. b5 Rd1+ 47. Kf2 Rb1 48. Ke3 Kf5 49. Kd4 h5 50. Kc5 Rb2 51. b6 Rxg2 52. b7 Rb2 53. Kc6 Kg5 54. Rc8 Kh4 55. b8=Q Rxb8 56. Rxb8 Kxh3 57. Rg8 h4 58. Rxg6 Kh2 59. c5 h3 60. Kd6 Kh1 61. c6 h2 62. Rh6 Kg2 63. c7 h1=Q 64. Rxh1 Kxh1 65. c8=Q Kg2 66. Qf5 Kg3 67. Ke5 Kg2 68. Qf4 Kg1 69. Ke4 Kh1 70. Qg4 Kh2 71. Kf3 Kh1 72. Qg2# 1-0

[Variant "Standard"]
[Site "Europe Echecs"]

[Event "Championnat du monde jeunes U12F"]
[Date "2024.11.19"]
[White "Bohatyrova, Mariia"]
[Black "Mrad, Anahid"]
[WhiteElo "1722"]
[BlackElo "1558"]
[Round "5.27"]
[Result "1-0"]
[TimeControl "5400+30"]

1. e4 e5 2. Nf3 Nc6 3. Bb5 a6 4. Ba4 Nf6 5. Qe2 b5 6. Bb3 Bc5 7. O-O O-O 8. c3 d6 9. Rd1 Re8 10. d3 d5 11. Nbd2 d4 12. c4 Nh5 13. Nf1 Nf4 14. Bxf4 exf4 15. cxb5 axb5 16. Qc2 Qd6 17. Rac1 Ne5 18. Qxc5 Nxf3+ 19. gxf3 Qg6+ 20. Ng3 fxg3 21. fxg3 Qf6 22. Kg2 Re7 23. Qd5 Re8 24. Qxb5 Re5 25. Qc6 Ra7 26. Qxf6 gxf6 27. Rc6 Kg7 28. Rdc1 Re7 29. R1c4 Rd7 30. Ra4 Rxa4 31. Bxa4 Bb7 32. Rc4 Rd8 33. Rxc7 Ba6 34. Rd7 Rxd7 35. Bxd7 Bxd3 36. Kf2 Kf8 37. a4 Ke7 38. Bb5 Bc2 39. Ke2 Kd6 40. b4 f5 41. exf5 Bxf5 42. Bd3 Bd7 43. a5 h6 44. a6 Bc8 45. a7 Bb7 46. Be4 Kc7 47. Bxb7 Kxb7 48. Kd3 Kxa7 49. Kxd4 Kb6 50. Kc4 Kc6 51. b5+ Kb6 52. g4 f6 53. h4 Kc7 54. Kc5 Kb7 55. b6 Kc8 56. Kc6 Kb8 57. b7 Ka7 58. Kc7 Ka6 59. b8=Q 1-0

[Variant "Standard"]
[Site "Europe Echecs"]

[Event "Championnat du monde jeunes U12F"]
[Date "2024.11.19"]
[White "Tursunalieva, Nurelina"]
[Black "Li, Yeeshuen"]
[WhiteElo "1701"]
[BlackElo "1546"]
[Round "5.28"]
[Result "1-0"]
[TimeControl "5400+30"]

1. e4 e5 2. Nf3 Nc6 3. d4 exd4 4. Nxd4 Bc5 5. Nb3 Bb6 6. Bd3 Nf6 7. Nc3 d6 8. h3 h6 9. Na4 Qe7 10. Nxb6 axb6 11. O-O Bd7 12. f4 O-O 13. Qf3 Rfe8 14. Nd2 Nb4 15. a3 Bc6 16. Re1 Na6 17. b4 Nxb4 18. Bb2 Nxd3 19. cxd3 Nd7 20. d4 f6 21. d5 Ba4 22. Nf1 Nc5 23. Ng3 Bc2 24. e5 fxe5 25. fxe5 Nd3 26. Re2 Nxb2 27. exd6 Qxd6 28. Rxc2 Na4 29. Nf5 Qf6 30. Rf1 Nc5 31. Rc4 Ra4 32. Rxa4 Nxa4 33. d6 Qe6 34. Qg4 g6 35. Ne7+ Rxe7 36. dxe7 Qe3+ 37. Kh1 Nc5 38. Qxg6+ Kh8 39. Rf8# 1-0

[Variant "Standard"]
[Site "Europe Echecs"]

[Event "Championnat du monde jeunes U12F"]
[Date "2024.11.19"]
[White "Budhram, Kaylee"]
[Black "Gailevska, Milana"]
[WhiteElo "1614"]
[BlackElo "1698"]
[Round "5.29"]
[Result "1/2-1/2"]
[TimeControl "5400+30"]

1. d4 d5 2. c4 e6 3. Nf3 Nf6 4. g3 Bb4+ 5. Bd2 Be7 6. Bg2 O-O 7. O-O c6 8. Qc2 Nbd7 9. Rd1 b6 10. Nc3 dxc4 11. e4 Bb7 12. Bf4 b5 13. a4 b4 14. Ne2 Qb6 15. a5 Qb5 16. Rdc1 Rac8 17. Bf1 Ba6 18. e5 Nd5 19. Nd2 b3 20. Qxc4 Qb7 21. Qxb3 Qxb3 22. Nxb3 Rb8 23. Nd2 Rxb2 24. Nc4 Rb4 25. Ne3 Nxf4 26. gxf4 Bxe2 27. Bxe2 Rxd4 28. Rxc6 Rxf4 29. Rc7 Rd8 30.
Rd1 Bh4 31. Rdxd7 Rxd7 32. Rxd7 Bxf2+ 33.
Kg2 g6 34. Ng4 Be1 35. Rxa7 h5 36.
Nf6+ Kg7 37. Bb5 Rf2+ 38. Kh1 Bc3 39.
Be8 Ra2 40. Bxf7 Ra1+ 41. Kg2 Bd4 42.
Rd7 Bxe5 43. Ne8+ Kh6 44. Bxe6 Rxa5 45.
Nc7 Rc5 46. Nd5 Rc2+ 47. Kf3 Rxh2 48.
Re7 Kg5 49. Bf7 Bd4 50. Re2 Rh3+ 51.
Kg2 Rh4 52. Re6 Rg4+ 53. Kf3 Kh4 54.
Bxg6 Rg3+ 55. Ke2 Rg2+ 56. Kd3 Bb2 57.
Ke3 Rg1 58. Re4+ 1/2-1/2

[Variant "Standard"]
[Site "Europe Echecs"]

[Event "Championnat du monde jeunes U12F"]
[Date "2024.11.19"]
[White "Sevastsyanchuk, Anastasiya"]
[Black "Alcantara, Levanah"]
[WhiteElo "1595"]
[BlackElo "1753"]
[Round "5.30"]
[Result "1-0"]
[TimeControl "5400+30"]

1. e4 e6 2. d4 d5 3. Nd2 Nc6 4. Ngf3 Nf6 5. e5 Nd7 6. Bb5 a6 7. Ba4 b5 8. Bb3 f6 9. exf6 Qxf6 10. c3 Bd6 11. Nf1 O-O 12. Bg5 Qf7 13. Ne3 Bb7 14. O-O Rae8 15. Bh4 Nf6 16. Ng5 Qd7 17. Bc2 Ne7 18. Ng4 Nf5 19. Bg3 Nxg3 20. fxg3 Ne4 21. Nxe4 dxe4 22. Qe2 Rxf1+ 23. Rxf1 e5 24. Bb3+ Kh8 25. Rf7 Qc6 26. Nf6 Be7 27. Nxe8 Qxe8 28. Qh5 Bf6 29. Rxg7 1-0

[Variant "Standard"]
[Site "Europe Echecs"]

[Event "Championnat du monde jeunes U12F"]
[Date "2024.11.19"]
[White "Radenkovic, Lena"]
[Black "Kovalskyy, Alicia"]
[WhiteElo "1675"]
[BlackElo "1871"]
[Round "5.31"]
[Result "1/2-1/2"]
[TimeControl "5400+30"]

1. Nf3 d5 2. g3 Bg4 3. Bg2 Nd7 4. O-O e6 5. d3 Bd6 6. Nbd2 Ne7 7. Qe1 O-O 8. e4 c6 9. b3 f6 10. h3 Bxf3 11. Bxf3 Be5 12. Rb1 f5 13. Bb2 dxe4 14. dxe4 Bxb2 15. Rxb2 Ne5 16. exf5 Qd4 17. Rb1 Nxf3+ 18. Nxf3 Qf6 19. Kh2 exf5 20. Ne5 f4 21. g4 Rad8 22. Nd3 Ng6 23. Qb4 b6 24. Qc4+ Kh8 25. Rbe1 Rd4 26. Qe6 Rd6 27. Qc4 Rd4 28. Qa6 Qf7 1/2-1/2

[Variant "Standard"]
[Site "Europe Echecs"]

[Event "Championnat du monde jeunes U12F"]
[Date "2024.11.19"]
[White "Sunea, Sara Maria"]
[Black "Dzafic, Merjem"]
[WhiteElo "1823"]
[BlackElo "1568"]
[Round "5.32"]
[Result "1-0"]
[TimeControl "5400+30"]

1. e4 c6 2. Nf3 d5 3. exd5 cxd5 4. Ne5 Bf5 5. d4 Qb6 6. Nc3 e6 7. g4 Bg6 8. h4 h6 9. Nxg6 fxg6 10. Bd3 Ne7 11. Ne2 Nd7 12. f4 Rc8 13. Ng3 Qc7 14. Qe2 Qb6 15. c3 Qd6 16. Kf2 Nb6 17. Re1 Kf7 18. Kg2 Nc6 19. Be3 Be7 20. Rh1 Na5 21. Qc2 Nac4 22. Bxg6+ Kf8 23. Bg1 Bf6 24. Rf1 Bd8 25. Qe2 Bc7 26. h5 Ke7 27. Nf5+ Kd7 28. Nxd6 Bxd6 29. Bh2 Rhf8 30. f5 exf5 31. Bxf5+ 1-0

[Variant "Standard"]
[Site "Europe Echecs"]

[Event "Championnat du monde jeunes U12F"]
[Date "2024.11.19"]
[White "Potikha, Shelley"]
[Black "Xikmatkhonova, Mokhinur"]
[WhiteElo "1561"]
[BlackElo "1726"]
[Round "5.33"]
[Result "0-1"]
[TimeControl "5400+30"]

1. e4 c5 2. Nf3 e6 3. d4 cxd4 4. Nxd4 a6 5. Nc3 Qc7 6. a3 Nf6 7. f4 d6 8. Be3 b6 9. Be2 Bb7 10. Bf3 Nbd7 11. Qe2 Be7 12. O-O-O g6 13. g4 Nc5 14. Qg2 e5 15. Nde2 Rc8 16. Ng3 b5 17. g5 Nfd7 18. f5 Qa5 19. Bd2 b4 20. Nd5 Bxd5 21. Bxb4 Ba2 22. Rde1 Nd3+ 23. Kd2 Nxb4 24. axb4 Qxb4+ 25. Kc1 Bxg5+ 26. Kd1 Qd4+ 0-1

[Variant "Standard"]
[Site "Europe Echecs"]

[Event "Championnat du monde jeunes U12F"]
[Date "2024.11.19"]
[White "Laurincova, Timea"]
[Black "Ivanova, Gabriela"]
[WhiteElo "1549"]
[BlackElo "1680"]
[Round "5.34"]
[Result "1/2-1/2"]
[TimeControl "5400+30"]

1. e4 c6 2. d4 d5 3. exd5 cxd5 4. Bd3 Nc6 5. c3 Nf6 6. h3 Bd7 7. Nf3 e6 8. O-O Rc8 9. Bg5 Be7 10. Nbd2 h6 11. Bh4 O-O 12. Nb3 Re8 13. Re1 a6 14. a4 Bd6 15. Re2 e5 16. dxe5 Nxe5 17. Nbd4 g5 18. Bg3 Qc7 19. Nxe5 Bxe5 20. Bxe5 Rxe5 21. Rxe5 Qxe5 22. Qf3 g4 23. hxg4 Bxg4 24. Qe3 Qxe3 25. fxe3 Re8 26. Kf2 Bh5 27. Be2 Ng4+ 28. Bxg4 Bxg4 29. Rh1 Kg7 30. Rh4 h5 31. Nc2 Re4 32. Nb4 a5 33. Nxd5 Rxa4 34. b4 axb4 35. cxb4 Ra2+ 36. Kg3 Re2 37.
Rh2 b5 38. Kf4 Rf2+ 39. Kg3 Rb2 40.
Rh4 1/2-1/2

[Variant "Standard"]
[Site "Europe Echecs"]

[Event "Championnat du monde jeunes U12F"]
[Date "2024.11.19"]
[White "Tsinjoviniavo, Aina Mahasambatra"]
[Black "Istratova, Nika"]
[WhiteElo "1716"]
[BlackElo "1473"]
[Round "5.35"]
[Result "1-0"]
[TimeControl "5400+30"]

1. e4 e5 2. Nf3 Nc6 3. d4 exd4 4. Nxd4 Bc5 5. Nb3 Bb6 6. Bc4 Qf6 7. O-O Nge7 8. Nc3 Ne5 9. Be2 O-O 10. Na4 d6 11. Nxb6 axb6 12. Be3 Qg6 13. f3 Be6 14. Nd4 Bc4 15. b3 Bxe2 16. Qxe2 d5 17. Bf4 Qf6 18. Bg3 Rfe8 19. Nb5 Rac8 20. Rae1 dxe4 21. Qxe4 N7c6 22. Nxc7 Rxc7 23. f4 Rce7 24. fxe5 Qg6 25. Qc4 h6 26. c3 Nxe5 27. Bxe5 Rxe5 28. Rxe5 Rxe5 29. Qc8+ Kh7 30. Qxb7 Re2 31. Qf3 Rxa2 32. g3 Ra3 33. Qd1 Ra8 34. c4 Kg8 35. b4 Qc6 36. Rf4 Rc8 37. Qd4 Re8 38. c5 bxc5 39. bxc5 f6 40. Rf1 Qe6 41. Rc1 Qe3+ 42. Qxe3 Rxe3 43. c6 Re8 44. c7 Rc8 45. Kf2 Kf7 46. Kf3 g6 47. Rc6 h5 48. h4 Ke7 49. Kf4 Kf7 50. Ke4 Ke7 51. Kd5 g5 52. Re6+ Kf7 53. hxg5 fxg5 54. Rh6 h4 55. g4 Kg7 56. Rc6 h3 57. Kd6 h2 58. Rc1 Rh8 59. Rh1 Rh4 60. c8=Q Rh6+ 61. Ke7 Rf6 62. Qc3 Kg8 63. Qxf6 1-0

[Variant "Standard"]
[Site "Europe Echecs"]

[Event "Championnat du monde jeunes U12F"]
[Date "2024.11.19"]
[White "Messali Anger, Ilyana"]
[Black "Prokofieva, Alexandra"]
[WhiteElo "1687"]
[BlackElo "1467"]
[Round "5.36"]
[Result "1-0"]
[TimeControl "5400+30"]

1. e4 e5 2. Nf3 Nc6 3. Bb5 Nd4 4. Bc4 Nxf3+ 5. Qxf3 Nf6 6. d3 g6 7. Bg5 Bg7 8. Nc3 c6 9. g4 d6 10. h3 Be6 11. O-O-O h6 12. Bh4 g5 13. Bg3 Qa5 14. Kb1 O-O-O 15. Rhe1 h5 16. Bxe6+ fxe6 17. Qe3 hxg4 18. Qxg5 Rdg8 19. hxg4 Nd7 20. Qe3 d5 21. Ne2 d4 22. Qd2 Qb6 23. Nc1 Bf8 24. Qe2 Nc5 25. Bxe5 Rh7 26. Bxd4 Bg7 27. e5 Qa5 28. Nb3 Nxb3 29. axb3 Bf8 30. Rh1 Rhg7 31. f3 Bc5 32. Bxc5 Qxc5 33. d4 Qf8 34. Rdf1 Qf4 35. Qc4 Re8 36. Qc5 a6 37. Qa7 Rd8 38. c3 Qd2 39. Qc5 Qd3+ 40. Ka2 Rgd7 41. Qc4 Qg6 42. b4 Rd5 43. Qb3 a5 44. Rf2 axb4 45. Qxb4 Rb5 46. Qa3 Qg7 47. Rfh2 Rb6 48. Rh7 Ra6 49. Qxa6 bxa6 50. Rxg7 Rf8 51. g5 Rxf3 52. Rh8+ Rf8 53. Rxf8# 1-0

[Variant "Standard"]
[Site "Europe Echecs"]

[Event "Championnat du monde jeunes U12F"]
[Date "2024.11.19"]
[White "Liu, Jingyu"]
[Black "Liu, Lillian Yu-Ning"]
[WhiteElo "1680"]
[BlackElo "1456"]
[Round "5.37"]
[Result "1-0"]
[TimeControl "5400+30"]

1. d4 d5 2. c4 e6 3. Nc3 Nf6 4. cxd5 exd5 5. Bg5 Be7 6. e3 O-O 7. Bd3 h6 8. Bh4 Be6 9. Nge2 Qd7 10. O-O Bf5 11. Bxf5 Qxf5 12. Bxf6 Bxf6 13. Qb3 Qc8 14. Nxd5 Bd8 15. Rac1 c6 16. Ndf4 Qd7 17. Rfd1 Bb6 18. d5 c5 19. Nd3 Qd6 20. Ng3 Rd8 21. Nxc5 Qe7 22. Na4 Qd6 23. Nxb6 axb6 24. e4 Na6 25. Nf5 Qe5 26. f3 Kh7 27. Qxb6 Rab8 28. Qd4 Qxd4+ 29. Rxd4 g6 30. Ne3 Rd6 31. b4 Rbd8 32. b5 Nb8 33. Rc7 R6d7 34. Rxd7 Rxd7 35. Nc4 Kg7 36. e5 Kf8 37. Nb6 Rd8 38. d6 Nd7 39. Nxd7+ Rxd7 40. Ra4 Kg7 41. Rc4 Rd8 42. b6 f6 43. f4 fxe5 44. fxe5 Kf7 45. Rc7+ Ke6 46. Rxb7 Kxe5 47. d7 Ke6 48. Rc7 Rxd7 49. Rxd7 Kxd7 50. a4 Kc6 51. a5 1-0

[Variant "Standard"]
[Site "Europe Echecs"]

[Event "Championnat du monde jeunes U12F"]
[Date "2024.11.19"]
[White "Petrusic, Dusica"]
[Black "Chen, Pin-I"]
[WhiteElo "1498"]
[BlackElo "1601"]
[Round "5.38"]
[Result "1/2-1/2"]
[TimeControl "5400+30"]

1. e4 c6 2. d4 d5 3. Nd2 dxe4 4. Nxe4 Bf5 5. Ng3 Bg6 6. f4 h6 7. f5 Bh7 8. Nf3 Nd7 9. Bd3 Ngf6 10. O-O Qb6 11. Kh1 c5 12. c3 cxd4 13. Nxd4 Nc5 14. Bc2 g6 15. Qe2 Bg7 16. Qb5+ Qxb5 17. Nxb5 O-O 18. Be3 b6 19. Rad1 a6 20. Bxc5 bxc5 21. Na3 Rfd8 22. Rfe1 Kf8 23. fxg6 Bxg6 24. Nf5 Bxf5 25. Bxf5 e6 26. Bc2 Ng4 27. Kg1 Ne5 28. Be4 Rab8 29. b3 Ke7 30. Nc2 1/2-1/2

[Variant "Standard"]
[Site "Europe Echecs"]

[Event "Championnat du monde jeunes U12F"]
[Date "2024.11.19"]
[White "Jung, Minju"]
[Black "Busuioc, Amelie"]
[WhiteElo "1457"]
[BlackElo "1581"]
[Round "5.39"]
[Result "0-1"]
[TimeControl "5400+30"]

1. e4 c5 2. Nf3 Nc6 3. Bb5 a6 4. Bxc6 bxc6 5. d3 e6 6. O-O Be7 7. Be3 d6 8. Nc3 e5 9. h3 Nf6 10. Re1 O-O 11. Qd2 Bb7 12. Ne2 Qc7 13. Qc3 Nd7 14. Qb3 a5 15. a4 d5 16. Bg5 f6 17. Bh4 Qd6 18. Bg3 Rfb8 19. Nc3 Kh8 20. d4 Ba6 21. dxe5 fxe5 22. Qa2 Rb7 23. exd5 cxd5 24. Nxe5 Nxe5 25. Bxe5 Qg6 26. Nxd5 Rd7 27. Nxe7 Rxe7 28. Qd5 Bb7 29. Qxb7 Rxb7 30. Rad1 h6 31. Rd2 Re8 32. Rde2 Rbe7 33. Bd6 Rxe2 34. Rxe2 Rxe2 35. Bxc5 Re1+ 36.
Kh2 Qxc2 37. Be3 Rxe3 38. fxe3 Qxb2 39.
Kg3 Qe5+ 40. Kf3 Qd5+ 41. e4 Qc4 42. Kf4 Kg8 43. Ke5 Kf8 44. Kf5 Qxa4 45. e5 Qb5 46. Ke6 a4 47. Kd6 a3 48. e6 Ke8 49. e7 a2 50. g4 a1=R 51. h4 Re1 52. g5 Qd3+ 53. Kc5 Rc1+ 54. Kb4 Qd6+ 55. Kb5 Qb8+ 56. Ka4 Ra1# 0-1

[Variant "Standard"]
[Site "Europe Echecs"]